 Dungeon Crawl Stone Soup version 0.13.0-18-g7b03ea5 (webtiles) character file.

1226 Lilouch the Basher (level 8, -3/48 HPs)
             Began as a Gargoyle Fighter on Oct 22, 2013.
             Was an Initiate of Okawaru.
             Slain by Prince Ribbit (6 damage)
             ... on Level 4 of the Dungeon.
             The game lasted 00:15:42 (3551 turns).

Lilouch the Basher (Gargoyle Fighter)               Turns: 3551, Time: 00:15:42

HP  -3/48        AC 16     Str 21      XL: 8   Next: 28%
MP   7/7         EV  5     Int 10      God: Okawaru [......]
Gold 160         SH 18     Dex  9      Spells:  0 memorised,  7 levels left

Res.Fire  : . . .   See Invis. : .   C - +4,+3 whip "Killer Klown's Bane" {venom, +Inv MR+}
Res.Cold  : . . .   Warding    : .   E - +0 orc chain mail {rN+}
Life Prot.: + + .   Conserve   : .   c - +0 shield
Res.Poison: +       Res.Corr.  : .   (no helmet)
Res.Elec. : +       Clarity    : .   (no cloak)
Sust.Abil.: . .     Spirit.Shd : .   y - +0 pair of gauntlets
Res.Mut.  : .       Stasis     : .   (no boots)
Res.Rott. : +       Flight     : .   (no amulet)
Saprovore : . . .                    (no ring)
                                     (no ring)

@: invisible, very slightly contaminated, quite resistant to hostile
enchantments, extremely unstealthy
A: fangs 1, talons 2, life protection 1, electricity resistance, slow metabolism
1, unbreathing, petrification resistance, AC +5
a: Renounce Religion


You were on level 4 of the Dungeon.
You worshipped Okawaru.
Okawaru was noncommittal.
You were hungry.

You visited 2 branches of the dungeon, and saw 6 of its levels.

You collected 140 gold pieces.

Inventory:

Hand weapons
 g - a +0,+1 dwarven mace
 z - a cursed -1,+0 orcish flail
 C - the +4,+3 whip "Killer Klown's Bane" (weapon) {venom, +Inv MR+}
   (You found it on level 4 of the Dungeon)

   It poisons the flesh of those it strikes.
   It affects your resistance to hostile enchantments.
   It lets you turn invisible.
Missiles
 x - a dart of frost (quivered)
 G - 39 poisoned needles
Armour
 c - a +0 shield (worn)
 y - a +0 pair of gauntlets (worn)
 E - a +0 orcish chain mail of positive energy (worn)
Magical devices
 D - a wand of disintegration (16) {unknown}
 F - a wand of fire (8) {unknown}
 H - a wand of fireball (5) {unknown}
Comestibles
 d - a bread ration
 j - 3 meat rations
 l - a royal jelly
 p - an apple
 s - a pear
 I - a slice of pizza
 J - a rotting chunk of orc flesh
Scrolls
 a - 3 scrolls of teleportation {unknown}
 b - 5 scrolls of identify {unknown}
 e - 2 scrolls of remove curse {unknown}
 f - a scroll of fog {unknown}
 h - a scroll of enchant weapon I {unknown}
 i - a scroll of magic mapping {unknown}
 k - 2 scrolls of blinking {unknown}
 n - a scroll of recharging {unknown}
 q - 2 scrolls of noise {unknown}
 u - a scroll of enchant armour {unknown}
 v - a scroll of fear {unknown}
 w - a scroll of curse jewellery {unknown}
 B - a scroll of enchant weapon II {unknown}
Potions
 m - a potion of invisibility
 o - a potion of might {unknown}
 r - a potion of magic {unknown}
 t - 2 potions of curing {unknown}
 A - a potion of slowing {unknown}
Books
 K - a book of Beasts

   Spells                             Type                      Level
   Summon Butterflies                 Summoning                    1
   Sticks to Snakes                   Transmutation                2
   Call Canine Familiar               Summoning                    3
   Ice Form                           Ice/Transmutation            4
   Summon Ice Beast                   Ice/Summoning                4
   Summon Hydra                       Summoning                    7


   Skills:
 - Level 3.2 Fighting
 * Level 8.8 Maces & Flails
 + Level 6.7 Armour
 - Level 3.2 Shields


You had 7 spell levels left.
You didn't know any spells.

Dungeon Overview and Level Annotations

Branches:
Dungeon (5/27)             Temple (1/1) D:4

Altars:
Cheibriados
Elyvilon
Fedhas
Kikubaaqudgha
Makhleb
Nemelex Xobeh
Okawaru
Sif Muna
Trog
Vehumet
Zin
the Shining One

Shops:
D:4 %

Annotations:
D:4 Prince Ribbit


Innate Abilities, Weirdness & Mutations

You are resistant to torment.
You are immune to poison.
Your stone body is very resilient (AC +5).
You have very sharp teeth.
You have razor-sharp toenails.
You resist negative energy.
You are resistant to electric shocks.
You have a slow metabolism.
You can survive without breathing.
You are immune to petrification.


Message History

The giant cockroach bites you but does no damage.
Prince Ribbit hits you.
* * * LOW HITPOINT WARNING * * *
There is a stone staircase leading up here.
The giant cockroach bites you but does no damage.
Prince Ribbit hits you but does no damage.
The giant cockroach bites you but does no damage.
Prince Ribbit hits you but does no damage.
You climb upwards.
There is a stone staircase leading down here.
Drink which item? (? for menu, Esc to quit)
You fade into invisibility!
It was a potion of invisibility.
The giant cockroach bites you but does no damage.
You are very lightly contaminated with residual magic.
Prince Ribbit croaks.
You block Prince Ribbit's attack. The giant cockroach barely misses you.
Prince Ribbit gives a loud, deep croak!
Prince Ribbit hits you.
You die...

.....##.......######## #.#...#
#
.....#######.........####.#<###
# .....# ##.######....'.#...###
.....# #.# ######.#.#[%..
.....# #.# #.#...### .<...#
#.## ###'### #.#### #..# #..#
#..# ###'##### #.## ##'###
###.)..@.># ###'#### .....#
###.'.....Fs# #......# .....#
#...#.......# #......#
...>.###.###.......### #......#
.....#...# #.......'.# #......#
.....#.### #.......#.###......#
# .....'.#
#.......#...'......### .....###
#.......#####....%.(.. .....#
#.......# #......###


You could see Prince Ribbit and a giant cockroach.

Vanquished Creatures
  Grinder (D:4)
  Eustachio (D:5)
  Menkaure (D:5)
  A phantom (D:5)
  Sigmund (D:3)
  4 orc priests
  2 iguanas
  2 worker ants (D:4)
  Ijyb (D:4)
  Jessica (D:3)
  Terence (D:2)
  5 adders
  2 giant mites
  4 worms
  4 giant geckos
  An ooze (D:4)
  10 orcs
  2 giant cockroaches
  13 goblins
  A grey rat (D:5)
  5 hobgoblins
  13 kobolds
  2 quokkas
  2 ball pythons
  11 bats
  5 giant newts
  A goblin skeleton (D:4)
  A kobold skeleton (D:4)
  14 rats
  2 rat skeletons
114 creatures vanquished.

Notes
Turn   | Place    | Note
--------------------------------------------------------------
     0 | D:1      | Lilouch, the Gargoyle Fighter, began the quest for the Orb.
     0 | D:1      | Reached XP level 1. HP: 14/14 MP: 0/0
    92 | D:1      | Reached XP level 2. HP: 19/19 MP: 1/1
   384 | D:2      | Reached XP level 3. HP: 24/24 MP: 2/2
   444 | D:2      | Noticed Terence
   452 | D:2      | Killed Terence
   529 | D:2      | Reached skill level 4 in Maces & Flails
   557 | D:2      | Found a sparkling altar of Nemelex Xobeh.
   557 | D:2      | Noticed an ogre
   597 | D:2      | Reached XP level 4. HP: 25/28 MP: 3/3
   662 | D:2      | Found a sparkling altar of Nemelex Xobeh.
  1053 | D:3      | Noticed Sigmund
  1064 | D:3      | Killed Sigmund
  1064 | D:3      | Reached skill level 5 in Maces & Flails
  1064 | D:3      | Reached XP level 5. HP: 21/33 MP: 4/4
  1143 | D:3      | Found a glowing golden altar of the Shining One.
  1249 | D:3      | Noticed Jessica
  1251 | D:3      | Killed Jessica
  1499 | D:3      | Reached XP level 6. HP: 8/38 MP: 5/5
  1846 | D:4      | Found a blossoming altar of Fedhas.
  1993 | D:4      | Got a bloodstained whip
  1994 | D:4      | Identified the whip "Killer Klown's Bane" {venom, +Inv MR+} (You found it on level 4 of the Dungeon)
  2022 | D:4      | Noticed Grinder
  2028 | D:4      | Reached skill level 5 in Armour
  2037 | D:4      | Reached skill level 6 in Maces & Flails
  2054 | D:4      | Killed Grinder
  2054 | D:4      | Reached skill level 7 in Maces & Flails
  2054 | D:4      | Reached XP level 7. HP: 38/42 MP: 6/6
  2077 | D:4      | Found Phud's Food Emporium.
  2173 | D:4      | Found a staircase to the Ecumenical Temple.
  2181 | Temple   | Entered the Ecumenical Temple
  2349 | Temple   | Became a worshipper of Warmaster Okawaru
  2903 | D:4      | Noticed Ijyb
  2918 | D:4      | Killed Ijyb
  3048 | D:5      | Entered Level 5 of the Dungeon
  3052 | D:5      | Noticed Menkaure
  3066 | D:5      | Killed Menkaure
  3288 | D:5      | Reached skill level 8 in Maces & Flails
  3288 | D:5      | Reached XP level 8. HP: 41/48 MP: 7/7
  3360 | D:5      | Noticed Eustachio
  3377 | D:5      | Killed Eustachio
  3532 | D:5      | Noticed Prince Ribbit
  3545 | D:5      | HP: 2/48 [Prince Ribbit (5)]
  3551 | D:4      | Slain by Prince Ribbit

Action                   |  1- 3 |  4- 6 |  7- 9 || total
-------------------------+-------+-------+-------++-------
Melee: Mace              |    63 |    67 |       ||   130
       Flail             |       |    29 |       ||    29
       Whip              |       |    29 |   146 ||   175
  Use: Potion            |       |       |     1 ||     1
